 Dungeon Crawl Stone Soup version 0.20-a0-269-g17f5411 (webtiles) character file.

466 Yakui the Slasher (level 7, -2/53 HPs)
             Began as a Human Gladiator on Dec 8, 2016.
             Was an Initiate of Makhleb.
             Killed by divine providence
             ... invoked by an orc priest
              (15 damage)
             ... on level 5 of the Dungeon.
             The game lasted 00:12:16 (6018 turns).

Yakui the Slasher (Human Gladiator)                 Turns: 6018, Time: 00:12:17

Health: -2/53      AC: 11    Str: 15    XL:     7   Next: 30%
Magic:  7/7        EV: 11    Int:  9    God:    Makhleb [......]
Gold:   289        SH:  0    Dex: 15    Spells: 6/6 levels left

rFire  . . .     SeeInvis .     a - +0 long sword
rCold  + . .     Gourm    .     p - +0 scale mail
rNeg   . . .     Faith    .     (no shield)
rPois  .         Spirit   .     c - +0 helmet
rElec  .         Reflect  .     F - +0 cloak
rCorr  +         Harm     .     u - +1 pair of gloves
MR     .....                    (no boots)
Stlth  ..........               (no amulet)
                                B - ring of Gluttony {rCorr +Inv rC+}
                                k - ring of loudness (curse)

@: no status effects
A: no striking features
a: Renounce Religion, Evoke Invisibility


You were on level 5 of the Dungeon.
You worshipped Makhleb.
Makhleb was noncommittal.
You were not hungry.

You visited 2 branches of the dungeon, and saw 6 of its levels.

You collected 289 gold pieces.

Inventory:

Hand Weapons
 a - a +0 long sword (weapon)
 z - a +2 short sword of flaming
Missiles
 d - 3 throwing nets (quivered)
Armour
 c - a +0 helmet (worn)
 p - a +0 scale mail (worn)
 u - a +1 pair of gloves (worn)
 y - a +0 chain mail
 F - a +0 cloak (worn)
Jewellery
 k - a cursed ring of loudness (left hand)
 B - the ring of Gluttony (right hand) {rCorr +Inv rC+}
   (You found it on level 4 of the Dungeon)

   [ring of resist corrosion]

   It protects you from cold.
   It lets you turn invisible.
 D - an uncursed ring of positive energy {unknown}
Scrolls
 e - 2 scrolls of blinking
 g - 3 scrolls of remove curse
 m - a scroll of vulnerability {unknown}
 n - a scroll of fear {unknown}
 q - a scroll of immolation
 s - a scroll of enchant armour
 v - a scroll of recharging
 x - a scroll of fog {unknown}
 E - a scroll of teleportation
Potions
 b - a potion of ambrosia
 i - 4 potions of curing {unknown}
 l - a potion of brilliance
 o - 2 potions of flight {unknown}
 w - a potion of heal wounds
 C - a potion of agility {unknown}
 G - a potion of resistance {unknown}
 H - a potion of lignification {unknown}
Comestibles
 f - 2 bread rations
 h - a beef jerky
 j - 3 chunks of flesh
 r - 5 fruits
 t - 3 meat rations
 A - a royal jelly


   Skills:
 + Level 3.7 Fighting
 * Level 5.4 Long Blades
 - Level 2.0 Throwing
 + Level 3.0 Armour
 + Level 4.1 Dodging


You had 6 spell levels left.
You didn't know any spells.

Dungeon Overview and Level Annotations

Branches:
Dungeon (5/15)             Temple (1/1) D:4

Altars:
Dithmenos
Elyvilon
Fedhas
Gozag
Hepliaklqana
Kikubaaqudgha
Makhleb
Okawaru
Qazlal
Ru
Sif Muna
Trog
Uskayaw
Vehumet
Xom
Zin
The Shining One

Shops:
D:5 :

Annotations:
D:4 Sapher's ghost, amateur DgGl


Message History

Beogh smites you!
* * * LOW HITPOINT WARNING * * *
You closely miss the orc priest.
The orc priest is severely wounded.
The orc closely misses you.
The orc priest hits you but does no damage.
The orc priest hits you with a war axe.
* * * LOW HITPOINT WARNING * * *
You hit the orc priest but do no damage.
The orc priest is severely wounded.
The orc misses you.
The orc priest hits you but does no damage.
The orc priest mumbles some strange prayers to Beogh against you.
You struggle to resist.
You barely miss the orc priest.
The orc priest is severely wounded.
The orc hits you but does no damage.
The orc priest mumbles some strange prayers to Beogh against you.
Beogh smites you!
You die...

##.....###.....#......##.#..##
#.......#.##..#########...##.
##.###...#....## ####.........
#..#..........####..........##
##.##......)............#......
#..##........................##
#.###...............#####.#..#
##.###...........########..#..##
##.............o@o.........##...#
#..............o##.........##.#..
#.###..##.....## #.#######..#.###
#.# #......#..# ##.# ##...# #.#
#...[..##.###..# ##..# #.#
#......##.....## #..# # ..#
#....#.###....####### ##.### .##
#....#......#.......# #.##. .#
#.........#.........#####....


You could see 2 orc priests and an orc.

Vanquished Creatures
  Blork the orc (D:4)
  A bullfrog zombie (D:5)
  A hound (D:5)
  A centaur skeleton (D:4)
  An iguana (D:5)
  5 worker ants (D:4)
  A killer bee zombie (D:5)
  A mummy (D:4)
  5 adders
  An ooze (D:3)
  A worm (D:3)
  3 dart slugs
  4 leopard geckos
  5 orcs
  7 giant cockroaches
  6 goblins
  8 hobgoblins
  2 jackals (D:5)
  2 quokkas
  A ball python (D:1)
  5 bats
  A frilled lizard (D:2)
  A jackal skeleton (D:3)
  9 kobolds
  9 rats
82 creatures vanquished.

Vanquished Creatures (others)
  A howler monkey (D:4)
1 creature vanquished.

Grand Total: 83 creatures vanquished

Notes
Turn   | Place    | Note
-------+----------+-------------------------------------------
     0 | D:1      | Yakui the Human Gladiator began the quest for the Orb.
     0 | D:1      | Reached XP level 1. HP: 16/16 MP: 1/1
   132 | D:1      | Reached XP level 2. HP: 21/22 MP: 2/2
   238 | D:1      | Reached skill level 1 in Armour
   261 | D:1      | Reached XP level 3. HP: 16/27 MP: 3/3
  1014 | D:2      | Reached XP level 4. HP: 33/34 MP: 4/4
  1996 | D:3      | Found a blossoming altar of Fedhas.
  2308 | D:3      | Found a shadowy altar of Dithmenos.
  2355 | D:3      | Reached XP level 5. HP: 39/39 MP: 5/5
  2462 | D:3      | Reached skill level 4 in Long Blades
  2806 | D:3      | Found a glowing golden altar of the Shining One.
  2879 | D:4      | Noticed Blork the orc
  3114 | D:4      | Reached XP level 6. HP: 30/47 MP: 6/6
  3543 | D:4      | Noticed an ogre
  3801 | D:4      | Killed Blork the orc
  3801 | D:4      | Reached skill level 5 in Long Blades
  4033 | D:4      | Found a staircase to the Ecumenical Temple.
  4037 | Temple   | Entered the Ecumenical Temple
  4131 | Temple   | Became a worshipper of Makhleb the Destroyer
  4269 | D:4      | Noticed Sapher's ghost (amateur DgGl)
  4623 | D:4      | Got a vibrating copper ring
  4624 | D:4      | Identified the ring of Gluttony {rCorr +Inv rC+} (You found it on level 4 of the Dungeon)
  4742 | D:4      | Found a sacrificial altar of Ru.
  4742 | D:4      | Found an iron altar of Okawaru.
  4802 | D:4      | Found a stormy altar of Qazlal.
  4840 | D:4      | Found a glowing silver altar of Zin.
  5514 | D:5      | Entered Level 5 of the Dungeon
  5529 | D:5      | Reached XP level 7. HP: 47/52 MP: 7/7
  5695 | D:5      | Found a hazy altar of Hepliaklqana.
  5807 | D:5      | Found Woima's Book Shoppe.
  6018 | D:5      | Killed from afar by an orc priest

Vault maps used:
D:1:      minmay_arrival_up_and_down
D:2:      serial_forest, infiniplex_forest_lined_3,
          infiniplex_forest_straight_2, infiniplex_forest_clump_tiny,
          infiniplex_forest_lined_3, infiniplex_forest_lined_4_way,
          infiniplex_forest_straight_2, infiniplex_forest_clump_cross,
          infiniplex_forest_clump_C, infiniplex_forest_zigzag_2
D:3:      grunt_dithmenos_smoke, fedhas_altar_fruit_tree, tso_altar
D:4:      kennysheep_mini_moat, lemuel_coloured_pillars_altar,
          gammafunk_temple_overflow_elements, gup_ossuary_entry_pyramid,
          first_bread, uniq_blork_the_orc
D:5:      lemuel_crystal_altar, serial_shops, shop_statue
Temple:   dpeg_three_leaves_temple

Skill      XL: |  1  2  3  4  5  6  7 |
---------------+----------------------+-----
Armour         | 1 2 3 |  3.0
Long Blades    | 4 5 |  5.4
Fighting       | 3 |  3.7
Dodging        | 4 |  4.1
Throwing       | |  2.0

Action                   |  1- 3 |  4- 6 |  7- 9 || total
-------------------------+-------+-------+-------++-------
Melee: Long sword        |    69 |   246 |    45 ||   360
  Use: Scroll            |       |    10 |       ||    10
 Stab: Sleeping          |     1 |       |       ||     1
  Eat: Chunk             |       |    10 |       ||    10
       Fruit             |       |     4 |       ||     4
       Meat ration       |       |     1 |       ||     1
Armor: Leather armour    |     6 |       |       ||     6
       Scale mail        |     6 |   116 |    26 ||   148
Dodge: Dodged            |    42 |   138 |    37 ||   217
       Rpst.: Long sword |     9 |    46 |    13 ||    68
